BSA
MAUI TROPICS @ NASSAU ROCKETS
02/27/2030
 
TOP OF THE 1ST
Maui Tropics batting - Pitching for Nassau Rockets : RHP Sid Allen
Pitching: RHP Sid Allen
Batting: RHB Roberto Gómez 0-0: Foul Ball, location: 2F
0-1: Ball
1-1: Foul Ball, location: 2F
1-2: Strikes out swinging
Batting: LHB Dave Cook 0-0: Ball
1-0: Called Strike
1-1: Ball
2-1: Ball
3-1: Base on Balls
Batting: RHB Jesús Espinoza 0-0: Ball
1-0: Ball
2-0: Ball
3-0: Base on Balls
Dave Cook to second
Batting: RHB Michael Woodruff 0-0: Called Strike
0-1: Foul Ball, location: 2F
0-2: Ball
1-2: Foul Ball, location: 2F
1-2: Strikes out swinging
Batting: LHB Don Hull 0-0: Called Strike
0-1: Ball
1-1: Called Strike
1-2: Foul Ball, location: 2F
1-2: Ball
2-2: Foul Ball, location: 2F
2-2: Strikes out swinging
Top of the 1st over - 0 runs, 0 hits, 0 errors, 2 left on base; Maui 0 - Nassau 0
BOTTOM OF THE 1ST
Nassau Rockets batting - Pitching for Maui Tropics : RHP Steve Floyd
Pitching: RHP Steve Floyd
Batting: SHB Edgardo Osorio 0-0: Called Strike
0-1: Fly out, F9 (Flyball, 89M)
Batting: RHB Wallace Greene 0-0: Fly out, F3 (Line Drive, 34)
Batting: LHB Juan Romero 0-0: Ball
1-0: Called Strike
1-1: Ball
2-1: Called Strike
2-2: Foul Ball, location: 2F
2-2: SINGLE (Groundball, 3D)
Batting: RHB Dexter Potter 0-0: Called Strike
0-1: Ball
1-1: Foul Ball, location: 2F
1-2: Reached on error, E5 (Groundball, 5S)
Juan Romero to third
Batting: RHB Salvador Borbón 0-0: Ball
1-0: Called Strike
1-1: Ball
2-1: Ball
3-1: SINGLE (Groundball, 56S) (infield hit)
Juan Romero scores
Dexter Potter to third
Batting: LHB Dusty Wilson 0-0: Ball
1-0: Fly out, F8 (Flyball, 8RM)
Bottom of the 1st over - 1 run, 2 hits, 1 error, 2 left on base; Maui 0 - Nassau 1
TOP OF THE 2ND
Maui Tropics batting - Pitching for Nassau Rockets : RHP Sid Allen
Batting: LHB Mark Everett 0-0: Ball
1-0: Called Strike
1-1: Ball
2-1: Swinging Strike
2-2: Foul Ball, location: 2F
2-2: Ground out 6-3 (Groundball, 56D)
Batting: RHB José Rodríguez 0-0: Called Strike
0-1: Swinging Strike
0-2: DOUBLE (Flyball, 8LXD)
Batting: RHB Matt Silver 0-0: Ground out 5-3 (Groundball, 56)
Batting: RHB John Brown 0-0: Ball
1-0: Foul Ball, location: 2F
1-1: Ground out 6-3 (Groundball, 6)
Top of the 2nd over - 0 runs, 1 hit, 0 errors, 1 left on base; Maui 0 - Nassau 1
BOTTOM OF THE 2ND
Nassau Rockets batting - Pitching for Maui Tropics : RHP Steve Floyd
Batting: RHB Brant Sherman 0-0: Swinging Strike
0-1: SINGLE (Line Drive, 89S)
Batting: RHB Aaron Wilson 0-0: Called Strike
0-1: Ball
1-1: Called Strike
1-2: Fly out, F9 (Flyball, 89S)
Batting: RHB Kenji Kudo 0-0: Ball
1-0: Called Strike
1-1: Ground out U3 (Groundball, 34S)
Brant Sherman to second
Batting: SHB Edgardo Osorio 0-0: Called Strike
0-1: Ball
1-1: Fly out, F8 (Flyball, 8RM)
Bottom of the 2nd over - 0 runs, 1 hit, 0 errors, 1 left on base; Maui 0 - Nassau 1
TOP OF THE 3RD
Maui Tropics batting - Pitching for Nassau Rockets : RHP Sid Allen
Batting: RHB Roberto Gómez 0-0: Swinging Strike
0-1: Foul Ball, location: 2F
0-2: Foul Ball, location: 2F
0-2: Ball
1-2: Ball
2-2: Strikes out swinging
Batting: LHB Dave Cook 0-0: Ball
1-0: Ball
2-0: Called Strike
2-1: Ball
3-1: Base on Balls
Batting: RHB Jesús Espinoza 0-0: Ball
1-0: Ball
2-0: Called Strike
2-1: Called Strike
2-2: Strikes out swinging
Batting: RHB Michael Woodruff 0-0: Foul Ball, location: 2F
0-1: Ball
1-1: Ball
2-1: SINGLE (Line Drive, 34D)
Dave Cook to second
Batting: LHB Don Hull 0-0: Foul Ball, location: 2F
0-1: Swinging Strike
0-2: SINGLE (Groundball, 4MD)
Dave Cook to third
Michael Woodruff to second
Runner from 3rd tries for Home, SAFE, no throw
Batting: LHB Mark Everett 0-0: Ball
1-0: Called Strike
1-1: Swinging Strike
1-2: Ball
2-2: Ball
3-2: Base on Balls
Michael Woodruff to third
Don Hull to second
Batting: RHB José Rodríguez 0-0: Fly out, F8 (Flyball, 8LD)
Top of the 3rd over - 1 run, 2 hits, 0 errors, 3 left on base; Maui 1 - Nassau 1
BOTTOM OF THE 3RD
Nassau Rockets batting - Pitching for Maui Tropics : RHP Steve Floyd
Batting: RHB Wallace Greene 0-0: Foul Ball, location: 2F
0-1: Ball
1-1: SOLO HOME RUN (Flyball, 7LD), Distance : 354 ft
Batting: LHB Juan Romero 0-0: Ground out 5-3 (Groundball, 5S)
Batting: RHB Dexter Potter 0-0: Ball
1-0: Swinging Strike
1-1: Ball
2-1: Called Strike
2-2: Ball
3-2: Fly out, F4 (Popup, 4)
Batting: RHB Salvador Borbón 0-0: Ground out 6-3 (Groundball, 6M)
Bottom of the 3rd over - 1 run, 1 hit, 0 errors, 0 left on base; Maui 1 - Nassau 2
TOP OF THE 4TH
Maui Tropics batting - Pitching for Nassau Rockets : RHP Sid Allen
Batting: RHB Matt Silver 0-0: Ball
1-0: Ball
2-0: SINGLE (Line Drive, 6D)
Batting: RHB John Brown 0-0: Called Strike
0-1: Ball
1-1: Ball
2-1: Ball
3-1: SINGLE (Groundball, 4MD)
Matt Silver to second
Batting: RHB Roberto Gómez 0-0: DOUBLE (Flyball, 78D)
Matt Silver scores
John Brown to third
Batting: LHB Dave Cook 0-0: Foul Ball, location: 2F
0-1: Ball
1-1: Foul Ball, location: 2F
1-2: Ball
2-2: Ball
3-2: 3-RUN HOME RUN (Flyball, 9LD), Distance : 359 ft
Batting: RHB Jesús Espinoza 0-0: Called Strike
0-1: Fly out, F8 (Flyball, 8LD)
Batting: RHB Michael Woodruff 0-0: Called Strike
0-1: Ball
1-1: Called Strike
1-2: Ground out 1-3 (Groundball, 15)
Batting: LHB Don Hull 0-0: Ball
1-0: Ball
2-0: Foul Ball, location: 2F
2-1: TRIPLE (Flyball, 9LD)
Batting: LHB Mark Everett 0-0: Called Strike
0-1: Called Strike
0-2: Ground out 4-3 (Groundball, 4)
Top of the 4th over - 4 runs, 5 hits, 0 errors, 1 left on base; Maui 5 - Nassau 2
BOTTOM OF THE 4TH
Nassau Rockets batting - Pitching for Maui Tropics : RHP Steve Floyd
Batting: LHB Dusty Wilson 0-0: Foul Ball, location: 2F
0-1: Fly out, F8 (Line Drive, 8LM)
Batting: RHB Brant Sherman 0-0: Ball
1-0: Ball
2-0: Ball
3-0: Called Strike
3-1: Fly out, F8 (Flyball, 8RM)
Batting: RHB Aaron Wilson 0-0: SINGLE (Groundball, 6MD)
Batting: RHB Kenji Kudo 0-0: Called Strike
0-1: Ball
1-1: Ball
Aaron Wilson is caught stealing 2nd base
Bottom of the 4th over - 0 runs, 1 hit, 0 errors, 0 left on base; Maui 5 - Nassau 2
TOP OF THE 5TH
Maui Tropics batting - Pitching for Nassau Rockets : RHP Sid Allen
Pitching: LHP Dennis Taylor
Batting: RHB José Rodríguez 0-0: Foul Ball, location: 2F
0-1: Called Strike
0-2: Strikes out swinging
Batting: RHB Matt Silver 0-0: Called Strike
0-1: Called Strike
0-2: Ball
1-2: Strikes out swinging
Batting: RHB John Brown 0-0: Ball
1-0: DOUBLE (Line Drive, 7LM)
Pinch Hitting: RHB Bobby Murdock 0-0: Foul Ball, location: 2F
0-1: Ball
1-1: Foul Ball, location: 2F
1-2: Hit by Pitch
Batting: LHB Luis Antonio Torres 0-0: Ball
1-0: Called Strike
1-1: Foul Ball, location: 2F
1-2: Fielders Choice at 2nd, 6-4 (Groundball, 6)
Top of the 5th over - 0 runs, 1 hit, 0 errors, 2 left on base; Maui 5 - Nassau 2
BOTTOM OF THE 5TH
Nassau Rockets batting - Pitching for Maui Tropics : RHP Steve Floyd
Pitching: RHP Ramón Estrada
Now in RF: Bobby Murdock
Batting: RHB Kenji Kudo 0-0: Ball
1-0: Fly out, F7 (Flyball, 7S)
Batting: SHB Edgardo Osorio 0-0: Ground out U3 (Groundball, 3)
Pitching: RHP Denny Green
Batting: RHB Wallace Greene 0-0: Foul Ball, location: 2F
0-1: Swinging Strike
0-2: Ball
1-2: Ball
2-2: Fly out, F8 (Flyball, 8RM)
Bottom of the 5th over - 0 runs, 0 hits, 0 errors, 0 left on base; Maui 5 - Nassau 2
TOP OF THE 6TH
Maui Tropics batting - Pitching for Nassau Rockets : LHP Dennis Taylor
Pinch Hitting: LHB Warren Potter 0-0: SINGLE (Line Drive, 34)
Batting: RHB Michael Woodruff 0-0: Ball
1-0: Fly out, F9 (Flyball, 9)
Pinch Hitting: LHB Ernesto López 0-0: Ball
1-0: Foul Ball, location: 2F
1-1: Ball
2-1: Ball
3-1: Foul Ball, location: 2F
3-2: Strikes out looking
Pinch Hitting: RHB Bo Vickers 0-0: Ball
1-0: Swinging Strike
1-1: Called Strike
1-2: Ball
2-2: Foul Ball, location: 2F
2-2: Ball
3-2: Strikes out swinging, 2-3 out at first.
Top of the 6th over - 0 runs, 1 hit, 0 errors, 1 left on base; Maui 5 - Nassau 2
BOTTOM OF THE 6TH
Nassau Rockets batting - Pitching for Maui Tropics : RHP Denny Green
Now at 3B: Bo Vickers
Now in LF: Warren Potter
Batting: LHB Juan Romero 0-0: Ball
Now in LF: Ernesto López 1-0: SINGLE (Flyball, 8LM)
Batting: RHB Dexter Potter 0-0: Called Strike
0-1: Foul Ball, location: 2F
0-2: Ball
1-2: Ball
2-2: Fly out, F8 (Line Drive, 8LD)
Batting: RHB Salvador Borbón 0-0: Ball
1-0: Foul Ball, location: 2F
1-1: SINGLE (Groundball, 34D)
Juan Romero to second
Runner from 2nd tries for 3rd, SAFE, no throw
Batting: LHB Dusty Wilson 0-0: Foul Ball, location: 2F
0-1: Ball
1-1: Fly out, F9 (Flyball, 9S)
Batting: RHB Brant Sherman 0-0: Ball
1-0: Ball
2-0: Ground out 4-3 (Groundball, 4)
Bottom of the 6th over - 0 runs, 2 hits, 0 errors, 2 left on base; Maui 5 - Nassau 2
TOP OF THE 7TH
Maui Tropics batting - Pitching for Nassau Rockets : LHP Dennis Taylor
Pinch Hitting: RHB Ed Keesee 0-0: Ball
1-0: Called Strike
1-1: Ball
2-1: Ground out 6-3 (Groundball, 6)
Pinch Hitting: RHB Reynaldo Slomp 0-0: Foul Ball, location: 2F
0-1: Ground out 5-3 (Groundball, 56S)
Pinch Hitting: RHB Alfredo Ramírez 0-0: Ball
1-0: SINGLE (Groundball, 6MD)
Pitching: RHP Brad Sharpe
Batting: RHB Bobby Murdock 0-0: Ball
1-0: Foul Ball, location: 2F
1-1: Foul Ball, location: 2F
1-2: Ball
2-2: Ground out 5-3 (Groundball, 56S)
Top of the 7th over - 0 runs, 1 hit, 0 errors, 1 left on base; Maui 5 - Nassau 2
BOTTOM OF THE 7TH
Nassau Rockets batting - Pitching for Maui Tropics : RHP Denny Green
Now at 1B: Juan Medina
Now at 2B: Alfredo Ramírez
Now at SS: Reynaldo Slomp
Batting: RHB Aaron Wilson 0-0: Called Strike
0-1: Swinging Strike
0-2: Foul Ball, location: 2F
0-2: Ground out 4-3 (Groundball, 4M)
Batting: RHB Kenji Kudo 0-0: Ball
1-0: Ball
2-0: Ball
3-0: Called Strike
3-1: Base on Balls
Pinch Hitting: LHB Andrew Alvarado 0-0: Grounds out, U3 (Groundball, 3L)
Pinch Hitting: LHB Wilson Allen 0-0: Called Strike
0-1: Fly out, F2 (Popup, 5SF)
Bottom of the 7th over - 0 runs, 0 hits, 0 errors, 1 left on base; Maui 5 - Nassau 2
TOP OF THE 8TH
Maui Tropics batting - Pitching for Nassau Rockets : RHP Brad Sharpe
Pitching: LHP Dave Miller
Now at 1B: Wilson Allen
Now in LF: Andrew Alvarado
Batting: LHB Luis Antonio Torres 0-0: Called Strike
0-1: Foul Ball, location: 2F
0-2: Ground out 5-3 (Groundball, 56)
Batting: LHB Warren Potter 0-0: Ball
1-0: Called Strike
1-1: Called Strike
1-2: Ball
2-2: Fly out, F7 (Line Drive, 78M)
Batting: RHB Michael Woodruff 0-0: Foul Ball, location: 2F
0-1: Ground out 4-3 (Groundball, 34)
Top of the 8th over - 0 runs, 0 hits, 0 errors, 0 left on base; Maui 5 - Nassau 2
BOTTOM OF THE 8TH
Nassau Rockets batting - Pitching for Maui Tropics : RHP Denny Green
Pinch Hitting: RHB Alejandro Ramírez 0-0: Ground out 5-3 (Groundball, 56)
Batting: RHB Dexter Potter 0-0: Called Strike
0-1: Foul Ball, location: 2F
0-2: Ball
1-2: Foul Ball, location: 2F
1-2: Ball
2-2: Foul Ball, location: 2F
2-2: Foul Ball, location: 2F
2-2: SINGLE (Line Drive, 8LS)
Pinch Hitting: RHB Tommy Davenport 0-0: Ball
1-0: Ball
2-0: Fly out, F7 (Flyball, 78S)
Batting: RHB Jesús Villalobos 0-0: Called Strike
0-1: Foul Ball, location: 2F
0-2: Foul Ball, location: 2F
0-2: SINGLE (Line Drive, 78M)
Dexter Potter to second
Batting: RHB Brant Sherman 0-0: Fly out, F8 (Line Drive, 89XD)
Bottom of the 8th over - 0 runs, 2 hits, 0 errors, 2 left on base; Maui 5 - Nassau 2
TOP OF THE 9TH
Maui Tropics batting - Pitching for Nassau Rockets : LHP Dave Miller
Now at 3B: Ken MacDonald
Now in CF: Alejandro Ramírez
Batting: LHB Ernesto López 0-0: Called Strike
0-1: Ball
1-1: Foul Ball, location: 2F
1-2: Strikes out swinging
Batting: RHB Bo Vickers 0-0: Ball
1-0: Ball
2-0: Ball
3-0: Base on Balls
Batting: LHB Juan Medina 0-0: Ball
1-0: Fly out, F4 (Line Drive, 4M)
Batting: RHB Reynaldo Slomp 0-0: Ball
1-0: Ball
2-0: Ground out 1-3 (Groundball, 13S)
Top of the 9th over - 0 runs, 0 hits, 0 errors, 1 left on base; Maui 5 - Nassau 2
BOTTOM OF THE 9TH
Nassau Rockets batting - Pitching for Maui Tropics : RHP Denny Green
Batting: RHB Aaron Wilson 0-0: Ball
1-0: Called Strike
1-1: Ball
2-1: Ball
3-1: Swinging Strike
3-2: Strikes out swinging
Batting: RHB Kenji Kudo 0-0: Swinging Strike
0-1: Ball
1-1: Fly out, F7 (Flyball, 78M)
Batting: LHB Andrew Alvarado 0-0: Ball
1-0: Called Strike
1-1: Ball
2-1: DOUBLE (Flyball, 78XD)
Pitching: LHP Scott McCullough
Batting: LHB Wilson Allen 0-0: Ball
1-0: Foul Ball, location: 2F
1-1: Ball
2-1: Ball
3-1: Fly out, F5 (Popup, 25)
Bottom of the 9th over - 0 runs, 1 hit, 0 errors, 1 left on base; Maui 5 - Nassau 2
Saturday, April 7th, 2018 - OOTP Baseball 18.8 Build 76